 Dungeon Crawl Stone Soup version 0.25-a0-403-g49d089a364 (webtiles) character file.

Game seed: 754664676906872345, levelgen mode: deterministic

202852 inah the Warrior (level 19, -13/217 HPs)
             Began as a Kobold Berserker on Jan 9, 2020.
             Was an Elder of Trog.
             Killed from afar by a Hell Sentinel (36 damage)
             ... with damnation
             ... summoned by a deep elf demonologist
             ... on level 3 of the Elven Halls.
             The game lasted 02:39:18 (40088 turns).

inah the Warrior (Kobold Berserker)                Turns: 40088, Time: 02:39:18

Health: -13/217    AC: 30    Str: 28    XL:     19   Next: 30%
Magic:  26/26      EV: 22    Int: 16    God:    Trog [****..]
Gold:   538        SH:  4    Dex: 17    Spells: 18/18 levels left

rFire    . . .     SeeInvis .   a - +6 quick blade (freeze)
rCold    . . .     Gourm    .   (shield restricted)
rNeg     + . .     Faith    .   k - +1 plate armour of Resilience {rPois rN+ Int+2 Dex+2}
rPois    +         Spirit   .   K - +2 helmet {Int+3}
rElec    .         Reflect  .   r - +1 cloak
rCorr    .         Harm     .   n - +2 pair of gloves
MR       +++++                  q - +2 pair of boots {Fly}
Stlth    ..........             J - amulet of Vitality {Regen+ HP+15}
HPRegen  1.86/turn              y - +3 ring of slaying
MPRegen  0.20/turn              H - +2 ring of slaying

@: berserking (expiring), flying, regenerating, very quick
A: small, large bone plates 1, carnivore, clever 1, magic resistance 2, strong
1, subdued magic 1, MP-powered wands
}: 1/15 runes: gossamer
a: Berserk, Trog's Hand, Brothers in Arms, Renounce Religion, Stop Flying


You were on level 3 of the Elven Halls.
You worshipped Trog.
Trog was greatly pleased with you.
You were very full.

You visited 5 branches of the dungeon, and saw 29 of its levels.
You visited 1 bazaar.
You also visited: Gauntlet and Volcano.

You collected 2805 gold pieces.
You spent 2267 gold pieces at shops.

Inventory:

Hand Weapons
 a - a +6 quick blade of freezing (weapon)
 b - a +5 rapier of piercing
 i - the +2 rapier "Dest" {pierce, -Tele rElec rPois MR+++}
   (Trog gifted it to you on level 1 of the Elven Halls)

   It inflicts extra damage upon your enemies.
   It insulates you from electricity.
   It protects you from poison.
   It affects your resistance to hostile enchantments.
   It prevents most forms of teleportation.
 L - a +4 scimitar of flaming
Missiles
 g - 22 boomerangs (quivered)
 x - 8 poisoned darts
 T - 5 silver boomerangs
 X - 8 curare-tipped darts
Armour
 k - the +1 plate armour of Resilience (worn) {rPois rN+ Int+2 Dex+2}
   (You bought it in a shop in a bazaar)

   It affects your intelligence (+2).
   It affects your dexterity (+2).
   It protects you from poison.
   It protects you from negative energy.
 n - a +2 pair of gloves (worn)
 q - a +2 pair of boots of flying (worn)
 r - a +1 cloak (worn)
 C - the +4 moon troll leather armour {Spirit, Regen++ MP+5}
   (You found it on level 6 of the Lair of Beasts)

   It affects your magic capacity (+5).
   It increases your rate of regeneration.
 K - a +2 helmet of intelligence (worn)
Jewellery
 o - a +4 ring of evasion
 s - a +3 amulet of reflection
 y - a +3 ring of slaying (left hand)
 G - an uncursed ring of positive energy
 H - a +2 ring of slaying (right hand)
 I - an uncursed ring of fire
 J - the amulet of Vitality (around neck) {Regen+ HP+15}
   (You found it on level 6 of the Lair of Beasts)

   [amulet of regeneration]

   It affects your health (+15).
   It increases your rate of regeneration.
Wands
 A - a wand of iceblast (20)
 D - a wand of disintegration (26)
 O - a wand of digging (6)
 P - a wand of clouds (8)
 V - a wand of paralysis (18)
 Z - a wand of acid (6)
Scrolls
 f - 3 scrolls of magic mapping
 h - 6 scrolls of fog
 m - 17 scrolls of teleportation
 B - a scroll of blinking
 E - 6 scrolls of enchant armour
 F - 4 scrolls of remove curse
 Y - a scroll of fear
Potions
 d - 3 potions of might
 e - 3 potions of resistance
 j - 4 potions of lignification
 l - 6 potions of heal wounds
 p - 3 potions of ambrosia
 t - 13 potions of curing
 u - 8 potions of agility
 v - a potion of brilliance
 w - 3 potions of invisibility
 z - 4 potions of cancellation
 S - a potion of haste
Miscellaneous
 M - 3 sacks of spiders
 N - a phial of floods
Comestibles
 c - 52 rations
 Q - 3 chunks of flesh


   Skills:
 + Level 17.9 Fighting
 - Level 14.0(14.5) Short Blades
 - Level 4.2(7.4) Long Blades
 - Level 11.0 Throwing
 * Level 13.2 Armour
 - Level 17.2 Dodging
 - Level 10.2 Stealth
 - Level 10.0 Evocations


You had 18 spell levels left.
You didn't know any spells.
Your spell library was empty.

Dungeon Overview and Level Annotations

Branches:
Dungeon (14/15)            Temple (0/1) D:5            Lair (6/6) D:8
  Swamp (0/4) Lair:2       Spider (4/4) Lair:4        Slime (0/5) Lair:5
    Orc (2/2) D:12            Elf (3/3) Orc:2        Vaults (0/5) D:13
Volcano (visited)         Gauntlet (visited)

Altars:
Ashenzari
Dithmenos
Fedhas
Hepliaklqana
Kikubaaqudgha
Ru
Uskayaw
Vehumet
The Shining One

Shops:
Orc:2 :=[*   Elf:3 }

Annotations:
D:1 exclusion: downstairs
D:7 exclusion: downstairs
D:10 exclusion: 2 downstairs
D:12 exclusion: downstairs
D:14 Frances, Josephine
Elf:1 exclusion: 2 downstairs


Innate Abilities, Weirdness & Mutations

You are small and have problems with some larger weapons.
You are carnivorous and can eat meat at any time.
You are partially covered in large bone plates. (SH +4)
Your mind is acute. (Int +2)
You are highly resistant to hostile enchantments. (MR++)
Your muscles are strong. (Str +2)
Your spells are a little easier to cast, but a little less powerful.
You expend magic power (3 MP) to strengthen your wands.


Message History

You hit the Hell Sentinel but do no damage.
The Hell Sentinel is almost dead.
You are struck by the Hell Sentinel's spines.
* * * LOW HITPOINT WARNING * * *
You puncture the Hell Sentinel!
The Hell Sentinel is almost dead.
You hit the Hell Sentinel but do no damage.
The Hell Sentinel is almost dead.
You are struck by the Hell Sentinel's spines.
* * * LOW HITPOINT WARNING * * *
You hit the Hell Sentinel but do no damage.
The Hell Sentinel is almost dead.
You puncture the Hell Sentinel!
The Hell Sentinel is almost dead.
The Tzitzimitl calls on the powers of darkness!
The deep elf demonologist convulses!
Your body is wracked with pain!
* * * LOW HITPOINT WARNING * * *
The Hell Sentinel gestures at you.
The sphere of damnation explodes!
The damnation engulfs you!!!
You die...

...# ...###.
........?....# )..#..
............. ...+..
............ ...+..
........... ..##.#
......1. .###.# ...e2 '#
#.# #++###81# ^. .###.#
##...##.@#....
.....####....8.∩.8......
.................+......
...............8.+......
#############...## .....
#.### ..... #.# .... #.#
.... #..


You could see a Hell Sentinel, a Tzitzimitl, a hell beast and a deep elf
demonologist.

Vanquished Creatures
  A deep elf blademaster (Elf:2)
  4 ghost moths
  2 deep elf sorcerers (Elf:1)
  4 emperor scorpions
  An orc warlord (Orc:1)
  A stone giant (Volcano)
  3 entropy weavers
  2 deep elf annihilators (Elf:1)
  A minotaur (Gauntlet)
  5 spark wasps
  Snorg (D:12)
  3 deep elf death magi (Elf:2)
  8 hydras
  3 two-headed ogres
  25 dancing weapons
  2 orc high priests (Orc:2)
  13 death yaks
  20 deep elf knights
  A skeletal warrior (D:13)
  6 orc knights
  4 lindwurms (Lair:6)
  9 deep elf archers
  Pikel (D:7)
  43 deep elf magi
  23 wolf spiders
  An orange crystal statue (Gauntlet)
  An oklob plant (Lair:4)
  14 orb spiders
  3 cyclopes
  A manticore (D:14)
  3 moths of wrath
  4 orc sorcerers
  6 elephants
  4 black mambas
  27 spiny frogs
  5 torpor snails
  A gargoyle (D:13)
  A minotaur zombie (Gauntlet)
  An efreet (Volcano)
  7 demonic crawlers
  4 komodo dragons
  6 trolls
  36 jumping spiders
  A polar bear (Lair:4)
  A queen bee (D:9)
  A raiju (Gauntlet)
  13 hornets
  11 hippogriffs
  3 tyrant leeches
  A raiju (shapeshifter) (D:14)
  44 blink frogs
  A harpy skeleton (D:13)
  A slime creature (D:14)
  A meliai zombie (D:14)
  A bog body (Lair:2)
  6 dream sheep (Lair:5)
  7 air elementals (Elf:1)
  A shadow (D:14)
  66 redbacks
  A wraith (D:13)
  34 tarantellas
  47 yaks
  6 basilisks
  A wyvern (D:12)
  2 hungry ghosts
  6 fire elementals
  Edmund (D:4)
  10 vampire mosquitoes
  6 wargs
  2 swamp worms (Lair:2)
  15 water moccasins
  20 orc warriors
  12 porcupines
  2 phantoms
  5 sky beasts
  2 necrophages
  2 black bears
  6 wolves (Lair:4)
  A boggart (D:13)
  9 ogres
  5 centaurs
  15 crocodiles
  4 big kobolds
  29 bullfrogs
  4 earth elementals (Volcano)
  2 wyvern zombies
  2 scorpions
  A wyvern skeleton (D:8)
  A water moccasin skeleton (D:12)
  28 killer bees
  8 wights
  2 howler monkeys
  3 vampire bats (D:3)
  6 electric eels
  3 crimson imps
  3 bullfrog zombies
  2 centaur zombies
  2 quasits
  3 jellies (Lair:5)
  3 hounds
  2 bullfrog skeletons
  17 orc priests
  5 centaur skeletons
  An iguana (D:12)
  A lightning spire (Gauntlet)
  24 orc wizards
  12 worker ants
  A hound zombie (D:4)
  2 hound skeletons
  A worker ant zombie (D:5)
  5 gnolls
  16 adders
  2 shadow imps
  4 oozes
  A worm (D:2)
  5 dart slugs
  5 leopard geckos
  67 orcs
  4 bats
  4 bat skeletons (D:3)
  3 bat zombies (D:3)
  8 giant cockroaches
  5 goblins
  5 hobgoblins
  6 jackals
  16 kobolds
  8 quokkas
  6 frilled lizards
  A jackal zombie (D:7)
  3 leopard gecko skeletons
  10 rats
  A plant (D:8)
1037 creatures vanquished.

Vanquished Creatures (others)
  An orc high priest (Orc:2)
  A deep elf mage (Elf:1)
  An orc warrior (Orc:2)
  3 slaves (D:7)
  2 killer bees (D:7)
  An orc wizard (Orc:2)
  8 fungi
  26 plants
  11 withered plants (Gauntlet)
54 creatures vanquished.

Grand Total: 1091 creatures vanquished

Notes
Turn   | Place    | Note
-------+----------+-------------------------------------------
     0 | D:1      | inah the Kobold Berserker began the quest for the Orb.
     0 | D:1      | Reached XP level 1. HP: 14/14 MP: 1/1
   165 | D:1      | Found a glowing golden altar of the Shining One.
   173 | D:1      | Reached XP level 2. HP: 12/19 MP: 2/2
   359 | D:1      | Reached XP level 3. HP: 21/24 MP: 3/3
   942 | D:2      | Reached skill level 5 in Short Blades
  1164 | D:2      | Reached ** piety under Trog
  1221 | D:1      | Reached XP level 4. HP: 18/29 MP: 4/4
  1796 | D:2      | Reached XP level 5. HP: 26/33 MP: 5/5
  2222 | D:3      | Noticed a hungry ghost
  2239 | D:3      | Killed a hungry ghost
  2239 | D:3      | Reached XP level 6. HP: 39/39 MP: 6/6
  2463 | D:3      | Reached *** piety under Trog
  2493 | D:3      | Found an ancient bone altar of Kikubaaqudgha.
  2518 | D:3      | Reached XP level 7. HP: 41/44 MP: 7/7
  3051 | D:4      | Noticed Edmund
  3103 | D:4      | Killed Edmund
  3103 | D:4      | Reached skill level 5 in Fighting
  3249 | D:4      | Got a pair of dazzling boots
  3255 | D:4      | Identified the +1 pair of boots "Kenel" {Str-4 Int+4 Dex+4}
                  | (You found it on level 4 of the Dungeon)
  3504 | D:4      | Found a hide-covered altar of Uskayaw.
  3504 | D:4      | Found a shadowy altar of Dithmenos.
  3505 | D:4      | Found a shattered altar of Ashenzari.
  3779 | D:5      | Entered Level 5 of the Dungeon
  3825 | D:5      | Reached XP level 8. HP: 35/49 MP: 8/8
  4404 | D:5      | Found a staircase to the Ecumenical Temple.
  4982 | D:6      | Reached **** piety under Trog
  5076 | D:6      | Reached skill level 10 in Short Blades
  5142 | D:6      | Found a radiant altar of Vehumet.
  5322 | D:7      | Noticed Pikel
  5337 | D:7      | Killed Pikel
  5337 | D:7      | Reached skill level 5 in Dodging
  5337 | D:7      | Reached XP level 9. HP: 55/55 MP: 9/9
  5663 | D:7      | Reached skill level 5 in Armour
  6512 | D:8      | Gained mutation: You are partially covered in rugged brown
                  | scales. (AC +1, +3% HP) [potion of mutation]
  6512 | D:8      | Gained mutation: You are partially covered in slimy green
                  | scales. (AC +2) [potion of mutation]
  6512 | D:8      | Gained mutation: You are somewhat resistant to further
                  | mutation. [potion of mutation]
  6519 | D:8      | Found a staircase to the Lair.
  6560 | D:7      | Reached XP level 10. HP: 62/62 MP: 10/10
  6728 | D:8      | Reached skill level 1 in Throwing
  7383 | D:9      | Reached ***** piety under Trog
  7383 | D:9      | Received a gift from Trog
  7447 | D:9      | Reached XP level 11. HP: 71/71 MP: 11/11
  7639 | D:9      | Reached skill level 5 in Throwing
  8055 | D:9      | Found a blossoming altar of Fedhas.
  8055 | D:9      | Found a hazy altar of Hepliaklqana.
  8083 | D:10     | Entered Level 10 of the Dungeon
  8799 | D:11     | Noticed a two-headed ogre
  9241 | D:11     | Noticed a deep elf mage
  9262 | D:11     | Killed a deep elf mage
  9262 | D:11     | Received a gift from Trog
  9262 | D:11     | Reached skill level 10 in Fighting
  9322 | D:11     | Noticed a two-headed ogre
  9356 | D:11     | Killed a two-headed ogre
  9468 | D:11     | Killed a two-headed ogre
  9468 | D:11     | Reached XP level 12. HP: 79/79 MP: 4/12
  9572 | D:11     | Reached skill level 10 in Dodging
  9771 | D:11     | Found a shadowy altar of Dithmenos.
 10011 | D:12     | Noticed a two-headed ogre
 10011 | D:12     | You fall into a shaft and drop 2 floors!
 10207 | D:13     | Noticed an eight-headed hydra
 10258 | D:14     | Found a gate leading to a gauntlet.
 10278 | Gauntlet | Entered a Gauntlet
 10278 | Gauntlet | Found a transporter.
 10278 | Gauntlet | Found a transporter.
 10278 | Gauntlet | Found a transporter.
 10420 | Gauntlet | Found a transporter.
 10420 | Gauntlet | Found a transporter.
 10432 | Gauntlet | Found a transporter.
 10438 | Gauntlet | Found a transporter.
 10440 | Gauntlet | Found a transporter.
 10453 | Gauntlet | Found a transporter.
 10458 | Gauntlet | Found a transporter.
 10539 | Gauntlet | Found a transporter.
 10553 | Gauntlet | Noticed a death scarab
 10558 | Gauntlet | Found a transporter.
 10761 | Gauntlet | Noticed a death scarab
 10761 | Gauntlet | Noticed a death scarab
 10761 | Gauntlet | Noticed a death scarab
 10761 | Gauntlet | Noticed a death scarab
 10761 | Gauntlet | Noticed a death scarab
 10761 | Gauntlet | Noticed a death scarab
 10859 | Gauntlet | Lost mutation: You are somewhat resistant to further
                  | mutation. [potion of mutation]
 10859 | Gauntlet | Lost mutation: You are partially covered in rugged brown
                  | scales. (AC +1, +3% HP) [potion of mutation]
 10859 | Gauntlet | Lost mutation: You are partially covered in slimy green
                  | scales. (AC +2) [potion of mutation]
 10859 | Gauntlet | Gained mutation: You are partially covered in large bone
                  | plates. (SH +4) [potion of mutation]
 10859 | Gauntlet | Gained mutation: Your mind is acute. (Int +2) [potion of
                  | mutation]
 10859 | Gauntlet | Gained mutation: Your muscles are strong. (Str +2) [potion
                  | of mutation]
 10859 | Gauntlet | Gained mutation: Your muscles are very strong. (Str +4)
                  | [potion of mutation]
 10865 | Gauntlet | Identified the cursed +1 hunting sling of Favikhlut {venom,
                  | rN+ Int+4 Dex+3}
 10865 | Gauntlet | Noticed a minotaur
 10889 | Gauntlet | Killed a minotaur
 11522 | D:13     | Reached XP level 13. HP: 53/85 MP: 4/13
 11859 | D:12     | Reached skill level 1 in Evocations
 11929 | D:12     | Found a staircase to the Orcish Mines.
 12175 | D:12     | Received a gift from Trog
 12235 | D:12     | Noticed a six-headed hydra
 12247 | D:12     | Killed a six-headed hydra
 12535 | D:12     | Noticed Snorg
 12557 | D:12     | Killed Snorg
 13159 | D:13     | Found a sacrificial altar of Ru.
 13628 | D:13     | Found a gate to the Vaults.
 13712 | D:13     | Killed an eight-headed hydra
 13892 | D:14     | Noticed Frances
 13897 | D:14     | Noticed Josephine
 14025 | Lair:1   | Entered Level 1 of the Lair of Beasts
 15305 | Lair:2   | Noticed a four-headed hydra
 15315 | Lair:2   | Killed a four-headed hydra
 15423 | Lair:2   | Reached XP level 14. HP: 94/94 MP: 5/17
 15456 | Lair:2   | Reached skill level 10 in Armour
 15795 | Lair:2   | Found a staircase to the Swamp.
 16425 | Lair:3   | Reached skill level 5 in Evocations
 16470 | Lair:3   | Lost mutation: Your mind is acute. (Int +2) [potion of
                  | mutation]
 16470 | Lair:3   | Lost mutation: Your muscles are very strong. (Str +4)
                  | [potion of mutation]
 16470 | Lair:3   | Gained mutation: Armour fits poorly on your strangely
                  | shaped body. [potion of mutation]
 16470 | Lair:3   | Gained mutation: You expend magic power (3 MP) to
                  | strengthen your wands. [potion of mutation]
 16470 | Lair:3   | Gained mutation: You tend to lose your temper in combat.
                  | [potion of mutation]
 16470 | Lair:3   | Gained mutation: You are robust. (+10% HP) [potion of
                  | mutation]
 16494 | Lair:3   | Found a dark tunnel.
 16537 | Volcano  | Entered a volcano
 16594 | Volcano  | Noticed a stone giant
 16637 | Volcano  | Killed a stone giant
 17422 | Lair:3   | Reached skill level 1 in Stealth
 18481 | Lair:3   | Identified the cursed +1 whip "Wiva" {protect, *Slow +Fly
                  | Stlth+} (You found it on level 3 of the Lair of Beasts)
 18552 | Lair:4   | Reached skill level 1 in Long Blades
 18620 | Lair:4   | Found a blossoming altar of Fedhas.
 19274 | Lair:4   | Received a gift from Trog
 19361 | Lair:4   | Found a hole to the Spider Nest.
 20754 | Lair:4   | Lost mutation: You tend to lose your temper in combat.
                  | [potion of mutation]
 20754 | Lair:4   | Lost mutation: Your muscles are strong. (Str +2) [potion of
                  | mutation]
 20754 | Lair:4   | Lost mutation: You are robust. (+10% HP) [potion of
                  | mutation]
 20754 | Lair:4   | Gained mutation: You are resistant to hostile enchantments.
                  | (MR+) [potion of mutation]
 20754 | Lair:4   | Gained mutation: You are frail. (-10% HP) [potion of
                  | mutation]
 20754 | Lair:4   | Gained mutation: You are partially covered in slimy green
                  | scales. (AC +2) [potion of mutation]
 21383 | Lair:4   | Reached XP level 15. HP: 90/90 MP: 19/19
 21977 | Lair:5   | Found a staircase to the Slime Pits.
 22641 | Lair:6   | Entered Level 6 of the Lair of Beasts
 23007 | Lair:5   | Reached skill level 5 in Stealth
 23083 | Lair:5   | Reached skill level 15 in Fighting
 23176 | Lair:5   | Received a gift from Trog
 24246 | Lair:6   | Received a gift from Trog
 24292 | Lair:6   | Reached XP level 16. HP: 97/97 MP: 9/22
 24736 | Lair:6   | Identified the +4 ring mail "Luihom Zosiu" {rF+ Str+7
                  | Dex+3} (You found it on level 6 of the Lair of Beasts)
 24877 | Lair:6   | Found the amulet of Vitality {Regen+ HP+15}
 24877 | Lair:6   | Found the +4 moon troll leather armour {Spirit, Regen++
                  | MP+5}
 25447 | Orc:1    | Entered Level 1 of the Orcish Mines
 25935 | Orc:2    | Entered Level 2 of the Orcish Mines
 26412 | Orc:2    | Received a gift from Trog
 26427 | Orc:2    | Found Jaoj's Jewellery Shoppe.
 26427 | Orc:2    | Found Uczolag's Assorted Antiques.
 26427 | Orc:2    | Found Wuca's Antique Armour Shop.
 26427 | Orc:2    | Found Juxtoege's Book Shop.
 26645 | Orc:2    | Found a staircase to the Elven Halls.
 26866 | Orc:2    | Paralysed by an orc sorcerer for 3 turns
 27394 | Orc:2    | Bought a scroll labeled ROLLEA YNLY for 23 gold pieces
 27661 | Orc:2    | Bought a +2 ring of slaying for 336 gold pieces
 27923 | Spider:1 | Entered Level 1 of the Spider Nest
 28753 | Spider:1 | Reached skill level 15 in Dodging
 29399 | Spider:2 | Received a gift from Trog
 29500 | Spider:2 | Reached skill level 10 in Throwing
 30027 | Spider:2 | Reached XP level 17. HP: 103/103 MP: 24/24
 30310 | Spider:2 | Identified the Reference Book on Dark Rituals and Flames
 30988 | Spider:3 | Reached skill level 10 in Evocations
 31060 | Spider:3 | Received a gift from Trog
 32366 | Spider:4 | Entered Level 4 of the Spider Nest
 33417 | Spider:4 | Received a gift from Trog
 34810 | Spider:4 | Lost mutation: You are frail. (-10% HP) [potion of
                  | mutation]
 34810 | Spider:4 | Lost mutation: Armour fits poorly on your strangely shaped
                  | body. [potion of mutation]
 34810 | Spider:4 | Lost mutation: You are partially covered in slimy green
                  | scales. (AC +2) [potion of mutation]
 34810 | Spider:4 | Gained mutation: You are highly resistant to hostile
                  | enchantments. (MR++) [potion of mutation]
 34810 | Spider:4 | Gained mutation: Your spells are a little easier to cast,
                  | but a little less powerful. [potion of mutation]
 34810 | Spider:4 | Gained mutation: Your muscles are strong. (Str +2) [potion
                  | of mutation]
 34810 | Spider:4 | Gained mutation: Your mind is acute. (Int +2) [potion of
                  | mutation]
 35275 | Spider:4 | Reached XP level 18. HP: 92/122 MP: 25/25
 35606 | Spider:4 | Received a gift from Trog
 35651 | Spider:4 | Got a gossamer rune of Zot
 36308 | Elf:1    | Entered Level 1 of the Elven Halls
 36760 | Elf:1    | Received a gift from Trog
 36763 | Elf:1    | Got a scorched rapier {god gift}
 36764 | Elf:1    | Identified the +2 rapier "Dest" {pierce, -Tele rElec rPois
                  | MR+++} (Trog gifted it to you on level 1 of the Elven
                  | Halls)
 37027 | Elf:1    | Reached skill level 10 in Stealth
 37941 | Elf:2    | Received a gift from Trog
 37984 | Elf:2    | Found a flickering gateway to a bazaar.
 38000 | Bazaar   | Entered a bazaar
 38004 | Bazaar   | Found Gedoud's Assorted Antiques.
 38022 | Bazaar   | Found Olynub's Antique Armour Emporium.
 38039 | Bazaar   | Found Emufoh's Jewellery Boutique.
 38056 | Bazaar   | Found Junekkup's Antique Weapon Shoppe.
 38093 | Bazaar   | Bought an ichor-stained plate armour for 1008 gold pieces
 38093 | Bazaar   | Identified the +1 plate armour of Resilience {rPois rN+
                  | Int+2 Dex+2} (You bought it in a shop in a bazaar)
 38260 | Bazaar   | Bought a +3 ring of slaying for 675 gold pieces
 38292 | Bazaar   | Bought a scroll of blinking for 225 gold pieces
 38726 | Elf:2    | Received a gift from Trog
 38964 | Elf:2    | Found a runed translucent gate.
 38966 | Elf:2    | Found a runed translucent gate.
 38969 | Elf:2    | Found a runed translucent gate.
 39033 | Elf:2    | Reached XP level 19. HP: 96/128 MP: 26/26
 39700 | Elf:2    | Noticed a deep elf blademaster
 39722 | Elf:2    | Killed a deep elf blademaster
 40027 | Elf:3    | Entered Level 3 of the Elven Halls
 40048 | Elf:3    | Found Rupoladu's Gadget Emporium.
 40058 | Elf:3    | Noticed a Tzitzimitl
 40058 | Elf:3    | Noticed a Hell Sentinel
 40088 | Elf:3    | Killed from afar by a Hell Sentinel

Levels and vault maps discovered:
D:1:      giann_wishing_wells, layout_rooms, tso_metal_star
D:2:      layout_rooms
D:3:      minmay_angry_zag, layout_rooms, kennysheep_vampire_church,
          minivault_25
D:4:      layout_basic, gammafunk_temple_overflow_forgotten, first_ration,
          uniq_edmund
D:5:      layout_basic, minmay_temple_entry_proselytizer
D:6:      layout_rooms, kennysheep_little_box, st_stairs_9, feat_on_display
D:7:      layout_cave_pods, uniq_pikel
D:8:      layout_rooms, minmay_lair_entry_grove
D:9:      layout_basic, gammafunk_temple_overflow_elements, david_nohive_1,
          minmay_misc_feat_cross
D:10:     layout_loops_cross
D:11:     layout_rooms, grunt_dithmenos_smoke_and_mirrors
D:12:     layout_long_grid, orc_0_dummy, uniq_snorg
D:13:     layout_rooms, hangedman_vaults_entry_quadrant_bands,
          nicolae_ru_awakened_eye
D:14:     layout_basic, gauntlet_entry_generic, grunt_decor_arrowhead,
          uniq_josephine, uniq_frances
Lair:1:   layout_concentric_octagons, infiniplex_staircase_pool_2
Lair:2:   layout_small_grid, nicolae_swamp_entry_splash_gauntlet
Lair:3:   layout_concentric_octagons, nicolae_volcano_entry_two_sided
Lair:4:   layout_cave_pods, nicolae_spider_entry_tight_spaces,
          lemuel_oklob_altar
Lair:5:   layout_long_grid, nicolae_slime_entry_slimehenge, grunt_megastairs_5,
          serial_bayou_shore_a
Lair:6:   minmay_lair_end_frog_pond, layout_regular_city, minmay_lindwurm_lava
Spider:1: layout_spider_delve, drop_trap
Spider:2: nicolae_spider_mines_1
Spider:3: layout_spider_delve
Spider:4: spider_rune_water
Orc:1:    layout_caves
Orc:2:    grunt_orc_tribal_feast, layout_caves
Elf:1:    layout_geoelf_octagon, minmay_elf_annihilation,
          minmay_checkered_concentric_circles
Elf:2:    layout_geoelf_diagonals, serial_shops, bzr_entry_road,
          nrook_mini_backslash
Elf:3:    minmay_elf_hall_hex, layout_gridlike, serial_shops,
          nicolae_shop_statue_plus

Skill      XL: |  1  2  3  4  5  6  7  8  9 10 11 12 13 14 15 16 17 18 19 |
---------------+----------------------------------------------------------+-----
Short Blades   | 5 7 9 10 11 12 13 14 | 14.0
Fighting       | 4 5 6 8 10 11 13 14 15 16 17 | 17.9
Armour         | 2 3 4 5 6 7 8 9 10 11 12 13 | 13.2
Dodging        | 5 6 8 9 11 12 13 14 15 16 17 | 17.2
Throwing       | 4 7 8 10 11 | 11.0
Evocations     | 4 6 8 9 10 | 10.0
Stealth        | 3 6 8 9 10 | 10.2
Long Blades    | 2 4 |  4.2

Action                   |  1- 3 |  4- 6 |  7- 9 | 10-12 | 13-15 | 16-18 | 19-21 || total
-------------------------+-------+-------+-------+-------+-------+-------+-------++-------
Melee: Short sword       |   105 |   170 |   254 |   623 |    34 |       |       ||  1186
       Dagger            |       |       |   314 |       |    12 |       |       ||   326
       Quick blade       |       |       |       |   468 |  2407 |  2519 |   100 ||  5494
       Rapier            |       |       |       |       |       |    65 |    64 ||   129
       Scimitar          |       |       |       |       |       |     2 |       ||     2
Throw: Dart              |       |       |       |    99 |   237 |   331 |     2 ||   669
       Boomerang         |       |       |       |       |    88 |    52 |    42 ||   182
Invok: Berserk           |     1 |     3 |    10 |    14 |    16 |     5 |     2 ||    51
       Trog's Hand       |       |       |     5 |     7 |     9 |     5 |     2 ||    28
Evoke: Wand              |       |       |       |     2 |       |     4 |       ||     6
  Use: Scroll            |       |     8 |     9 |     6 |    12 |    15 |       ||    50
       Potion            |       |       |     2 |     1 |     3 |     1 |       ||     7
 Stab: Sleeping          |       |       |       |       |     2 |     8 |       ||    10
       Paralysed         |       |       |       |       |       |     2 |       ||     2
       Distracted        |       |       |       |       |       |     3 |       ||     3
       Held in net/web   |       |       |       |       |       |     5 |       ||     5
  Eat: Chunk             |    10 |    10 |    24 |    29 |    61 |    53 |     4 ||   191
Armor: Animal skin       |     1 |       |       |       |       |       |       ||     1
       Scale mail        |    23 |     7 |       |       |       |       |       ||    30
       Chain mail        |       |    79 |    24 |       |       |       |       ||   103
       Ring mail         |       |       |   105 |   176 |   127 |   246 |       ||   654
       Troll leather arm |       |       |       |       |       |    79 |       ||    79
       Plate armour      |       |       |       |       |       |    23 |    50 ||    73
Dodge: Dodged            |    66 |    91 |   263 |   556 |  1000 |  1414 |    39 ||  3429
Block: Other             |       |    15 |    20 |    41 |   232 |   205 |     9 ||   522
       Reflection        |       |       |       |       |     4 |       |       ||     4
       Rpst.: Scimitar   |       |       |       |       |       |     1 |       ||     1

Table legend:
 A = Non-vault XP
 B = Vault XP
 C = Vault XP percentage of total XP
 D = Non-vault monster count
 E = Vault monster count
 F = Vault count percentage of total count
                 A         B        C        D         E       F
            +---------+---------+-------+---------+---------+-------
      Total |  185754 |  101378 |  35.3 |     754 |     283 |  27.3
            +---------+---------+-------+---------+---------+-------
        D:1 |      55 |       0 |   0.0 |      15 |       0 |   0.0
        D:2 |     125 |       0 |   0.0 |      33 |       0 |   0.0
        D:3 |     279 |     187 |  40.1 |      20 |      13 |  39.4
        D:4 |     152 |     173 |  53.2 |       9 |       1 |  10.0
        D:5 |     680 |      43 |   5.9 |      19 |       1 |   5.0
        D:6 |      76 |      33 |  30.3 |      13 |       2 |  13.3
        D:7 |    1176 |     823 |  41.2 |      27 |       2 |   6.9
        D:8 |    1184 |    1921 |  61.9 |      18 |      12 |  40.0
        D:9 |    2157 |    1169 |  35.1 |      18 |      15 |  45.5
       D:10 |    1627 |       0 |   0.0 |      19 |       0 |   0.0
       D:11 |    5408 |       0 |   0.0 |      38 |       0 |   0.0
       D:12 |    5700 |    1140 |  16.7 |      45 |       1 |   2.2
       D:13 |    2346 |    6087 |  72.2 |      11 |      20 |  64.5
       D:14 |    3751 |       0 |   0.0 |      20 |       0 |   0.0
     Lair:1 |    2909 |       0 |   0.0 |      17 |       0 |   0.0
     Lair:2 |    8416 |     616 |   6.8 |      24 |       4 |  14.3
     Lair:3 |    8869 |       0 |   0.0 |      22 |       0 |   0.0
     Lair:4 |    6088 |    3383 |  35.7 |      23 |      12 |  34.3
     Lair:5 |   14876 |    4535 |  23.4 |      46 |      21 |  31.3
     Lair:6 |    8757 |   12326 |  58.5 |      29 |      44 |  60.3
   Spider:1 |   11025 |       0 |   0.0 |      30 |       0 |   0.0
   Spider:2 |   13914 |    2259 |  14.0 |      38 |       7 |  15.6
   Spider:3 |   18160 |    3554 |  16.4 |      43 |       6 |  12.2
   Spider:4 |   15832 |   19049 |  54.6 |      48 |      38 |  44.2
      Orc:1 |    5689 |       0 |   0.0 |      38 |       0 |   0.0
      Orc:2 |    2273 |    6675 |  74.6 |      23 |      29 |  55.8
      Elf:1 |   24540 |    8126 |  24.9 |      39 |      13 |  25.0
      Elf:2 |   19690 |   24327 |  55.3 |      29 |      29 |  50.0
    Volcano |       0 |    2473 | 100.0 |       0 |       8 | 100.0
   Gauntlet |       0 |    2479 | 100.0 |       0 |       5 | 100.0
            +---------+---------+-------+---------+---------+-------
